Map: Interloper LE

Players

soO

  • Race: Zerg Zerg
  • Spawn Location: 5:00

Rogue - Winner!

  • Race: Zerg Zerg
  • Spawn Location: 11:00

Event: 2017 WCS Global Finals

VOD

Have the link to the VOD?

Description

Time

  • Played on: Nov. 4, 2017, 6:38 p.m.
  • Length: 4:31

All games in this series

Show
View Real Time Build Order
Export as new Build Order

soO Zerg 

Build Orders: Hatch First 

Get SALT Encoding   

  12  0:00  Drone  
  13  0:12  Overlord  
  13  0:16  Drone  
  14  0:30  Drone x2  
  14  0:34  Drone  
  17  0:51  Hatchery  
  17  0:54  Drone  
  17  1:08  Spawning Pool  
  17  1:10  Drone  
  17  1:13  Drone  
  17  1:16  Extractor  
  17  1:19  Drone  
  18  1:27  Drone  
  19  1:39  Overlord  
  19  1:55  Queen  
  19  1:56  Zergling x2  
  19  2:00  Drone  
  23  2:03  Queen, Drone  
  26  2:18  Drone x2  
  26  2:20  Metabolic Boost  
  28  2:23  Drone  
  28  2:29  Drone  
  30  2:38  Queen, Drone  
  30  2:43  Overlord  
  33  2:50  Drone x2  
  35  2:55  Drone  
  36  3:04  Zergling x8  
  40  3:07  Zergling x2  
  40  3:11  Evolution Chamber  
  41  3:12  Zergling x2  
  41  3:14  Zergling x6  
  44  3:21  Overlord  
  44  3:26  Baneling Nest  
  43  3:27  Queen  
  43  3:30  Zergling x2  
  43  3:33  Drone x2  
  43  3:34  Drone  
  43  3:43  Zergling x2  
  43  3:44  Zergling x2  
  43  3:46  Zergling x4  
  47  3:49  Zergling x2  
  47  3:53  Zergling x2  
  47  3:54  Zergling x4  
  44  3:57  Zergling x2  
  34  4:05  Zergling x4  
Show
View Real Time Build Order
Export as new Build Order

Rogue Zerg - Winner!

Build Orders: Pool First 

Get SALT Encoding   

  12  0:00  Drone  
  13  0:12  Overlord  
  13  0:16  Drone  
  14  0:30  Drone x2  
  14  0:34  Drone  
  17  0:44  Extractor  
  17  0:45  Drone  
  17  0:49  Spawning Pool  
  16  0:55  Drone  
  17  1:08  Drone  
  18  1:18  Hatchery  
  17  1:36  Zergling x4  
  17  1:38  Zergling x2  
  20  1:41  Queen  
  22  1:47  Metabolic Boost  
  22  1:55  Overlord  
  22  2:16  Zergling x4  
  22  2:19  Queen  
  26  2:24  Zergling x2  
  27  2:31  Zergling x2  
  27  2:32  Zergling x2  
  29  2:43  Baneling Nest  
  29  2:44  Zergling x4  
  30  2:51  Zergling x6  
  33  2:54  Overlord  
  33  2:59  Zergling x2  
  34  3:14  Zergling x4  
  34  3:15  Zergling x2  
  34  3:17  Zergling x2  
  38  3:23  Zergling x2  
  38  3:24  Zergling x4  
  38  3:26  Zergling x2  
  42  3:28  Zergling x2  
  42  3:31  Zergling x2  
  42  3:33  Baneling x2  
  41  3:40  Zergling x2  
  41  3:41  Zergling x2  
  43  3:47  Zergling x2  
  40  3:58  Baneling x2  
  40  3:59  Zergling x4  
  38  4:04  Zergling x4  
  38  4:09  Zergling x2  
Tags
 
Add a new tag
Caveats
  • Supply blocks, unpowered buildings, or Contaminate may cause inaccurate times.
  • Supply counts are checked every 10 seconds.